General information
- name: 1v1 OBS TM #105
- type: Custom game
- host: ActionJackson2
- saver: TIMG4STRok
map: TwistedMeadows
- players: 12
- length: 17:32
- speed: Fast
- version: 1.24 W3XP
- replay type:

» download(123 KB)
Players
team 1 (winner)
ActionJackson2 (
red | 137 APM | 2394 actions | 17:32)
5 Mountain King
3 Storm Bolt
2 Bash
4 Archmage
2 Summon Water Elemental
2 Brilliance Aura
» actions
| Assign group hotkey | 50 | |
| Basic commands | 230 | |
| Build / train | 56 | |
| Enter build submenu | 28 | |
| Enter hero's abilities submenu | 9 | |
| Give item / drop item | 4 | |
| Remove unit from queue | 1 | |
| Right click | 730 | |
| Select / deselect | 400 | |
| Select group hotkey | 791 | |
| Use ability | 95 | |
2394 total
» units
| Peasant | 13 | |
| Footman | 5 | |
| Rifleman | 7 | |
| Sorceress | 2 | |
| Spell Breaker | 3 | |
| Priest | 2 | |
32 total
» upgrades
| Sorceress Training | 1 | |
| Priest Training | 1 | |
| Magic Sentry | 1 | |
3 total
» buildings
| Altar of Kings | 1 | |
| Barracks | 1 | |
| Farm | 15 | |
| Scout Tower | 2 | |
| Arcane Tower | 2 | |
| Keep | 1 | |
| Arcane Vault | 1 | |
| Blacksmith | 1 | |
| Arcane Sanctum | 2 | |
26 total
» build order
00:09 Altar of Kings
00:15 Barracks
00:18 Farm
00:46 Farm
01:35 Farm
01:50 Scout Tower
02:50 Arcane Tower
04:32 Keep
04:38 Arcane Vault
04:44 Farm
04:46 Farm
04:50 Blacksmith
06:16 Scout Tower
06:57 Arcane Sanctum
06:58 Arcane Tower
07:03 Arcane Sanctum
07:57 Farm
08:18 Farm
08:27 Farm
08:37 Farm
09:57 Farm
11:03 Farm
11:59 Farm
12:31 Farm
12:32 Farm
13:27 Farm
» items
| Scroll of Regeneration | 1 | |
| Potion of Healing | 2 | |
| Potion of Lesser Invulnerability | 2 | |
| Boots of Speed | 1 | |
6 total
team 2 (loser)
TIMG4STRok (
gray | 180 APM | 3162 actions | 17:32)
5 Demon Hunter
3 Mana Burn
2 Evasion
5 Pandaren Brewmaster
3 Breath of Fire
2 Drunken Haze
2 Pit Lord
1 Howl of Terror
1 Cleaving Attack
» actions
| Assign group hotkey | 23 | |
| Basic commands | 64 | |
| Build / train | 60 | |
| Enter build submenu | 13 | |
| Enter hero's abilities submenu | 13 | |
| Give item / drop item | 3 | |
| Right click | 1612 | |
| Select / deselect | 193 | |
| Select group hotkey | 1081 | |
| Use ability | 100 | |
3162 total
» units
| Wisp | 12 | |
| Archer | 5 | |
| Druid of the Claw | 5 | |
| Dryad | 3 | |
25 total
» upgrades
| Druid of the Claw Training | 2 | |
| Abolish Magic | 1 | |
| Well Spring | 1 | |
| Ultravision | 1 | |
| Strength of the Wild | 1 | |
| Mark of the Claw | 1 | |
7 total
» buildings
| Altar of Elders | 1 | |
| Moon Well | 6 | |
| Ancient of War | 1 | |
| Tree of Ages | 1 | |
| Ancient of Wonders | 1 | |
| Hunter's Hall | 1 | |
| Ancient of Lore | 2 | |
| Tree of Eternity | 1 | |
| Tree of Life | 1 | |
15 total
» build order
00:04 Altar of Elders
00:20 Moon Well
00:31 Ancient of War
01:48 Moon Well
02:55 Moon Well
03:39 Tree of Ages
04:37 Ancient of Wonders
04:39 Hunter's Hall
06:08 Ancient of Lore
06:11 Ancient of Lore
07:11 Tree of Eternity
07:15 Moon Well
10:28 Moon Well
12:23 Tree of Life
13:24 Moon Well
» items
| Staff of Teleportation | 1 | |
| Boots of Speed | 1 | |
| Scroll of Town Portal | 1 | |
| Staff of Preservation | 1 | |
| Orb of Venom | 1 | |
| Moonstone | 1 | |
| Potion of Healing | 1 | |
| Scroll of Healing | 2 | |
| Potion of Lesser Invulnerability | 1 | |
10 total
observersHornySeaCow,
Thinkums,
Ultros,
legendkiller73,
Ba]Chosen,
Thai-Lorn,
zaXan,
Liko,
matA.,
TASTE-THE-BLADE Chat log
(00:08 / All) TIMG4STRok: yo my mouse is broken
(00:09 / All) TIMG4STRok: god damn
(00:27 / All) ActionJackson2: dude I'm playing without a keyboard so man up
(00:39 / All) ActionJackson2: I have to use my PS3 joystick so fuck you
(00:41 / All) TIMG4STRok: owned
(00:49 / All) TIMG4STRok: glhf
(00:55 / All) ActionJackson2: hf timmay
(01:26 / All) ActionJackson2: eca hostered a game damn it
(16:14 / All) TIMG4STRok: nooo
(17:29 / All) ActionJackson2: gg